Workbook

Sheet Лист1
F1: Реестр социально ориентированных некоммерческих организаций - получателей поддержки
G2: в Каменск-Уральском городском округе по состоянию на 15 ноября 2025 года
A3: =[1]Лист1!$A$4 -> Реквизиты реестровой записи | C3: =[1]Лист1!$C$4 -> Дата принятия решения об оказании поддержки или о прекра-щении оказания поддержки | D3: =[1]Лист1!$D$4 -> Сведения о социально ориентированных некоммерческих организациях - получателях государственной поддержки | I3: =[1]Лист1!$J$4 -> Сведения о предоставленной поддержке | L3: Сведения об использовании социально ориентированными некоммерческими организациями - получателей поддержки предоставленных мер государственной поддержки | M3: =[1]Лист1!$M$4 -> Информация (если имеется) о нарушениях, допущенных социально ориентированной некоммерческой организацией, получившей поддержку, в том числе о нецелевом использовании предоставленных средств и имущества | N3: Примечание
A4: =[1]Лист1!A5 -> № п/п | B4: =[1]Лист1!B5 -> дата включения в реестр | D4: =[1]Лист1!D5 -> полное и (если имеется) сокращенное наименование постоянно действующего органа некоммерческой организации, название организации | E4: =[1]Лист1!E5 -> почтовый адрес и электронный адреса, контактные телефоны, факс, фамилия, имя, отчество руководителя | F4: =[1]Лист1!F5 -> основной государственный регистрационный номер записи о государствен-ной регистрации некоммерческой организации (ОГРН) | G4: =[1]Лист1!G5 -> идентифика-ционный номер налогоплатель-щика | H4: =[1]Лист1!H5 -> виды деятельности некоммерческой организации | I4: =[1]Лист1!J5 -> вид государственной поддержки | J4: =[1]Лист1!K5 -> объем (размер) государственной поддержки, тыс. руб. | K4: =[1]Лист1!L5 -> срок оказания государственной поддержки
A5: 1 | B5: 2 | C5: 3 | D5: 4 | E5: 5 | F5: 6 | G5: 7 | H5: 8 | I5: 9 | J5: 10 | K5: 11 | L5: 12 | M5: 13 | N5: 14
A6: 1 | B6: 38596 | C6: Договор № 23 от 01.09.2020 | D6: Государственное автономное учреждение Свердловской области "Центр подготовки спортивных сборных команд Свердловской области по техническим видам спорта имени С.К. Щербинина" | E6: 623400, Свердловская область, г. Каменск-Уральский, ул. Титова, д.7, директор Щербинин Евгений Сергеевич, CTVS@egov66.ru | F6: 1036600622376 | G6: =[1]Лист1!G25 -> 6612006271 | H6: =[1]Лист1!I25 -> Подготовка сборных команд мастеров по техническим видам спорта, предоставление услуг дополнительного образования | I6: =[1]Лист1!J25 -> безвозмездное пользование муниципальным имуществом | J6: =[1]Лист1!K25 -> безвозмездное пользование муниципальным имуществом: нежилым помещением общей площадью 715,6 кв.м. | K6: 01.09.2020 -31.08.2030 | L6: Предоставлен объект муниципальной собственности в безвозмездное пользование некоммерческой организации в целях использования по целевому назначению | M6: не имеется
A9: 2 | B9: 45702 | C9: Распоряжение Администрации городского округа от 14.02.2025 № 30-р | D9: Свердловская областная общественная организация Общероссийской общественной организации инвалидов "Всероссийской ордена Трудового Красного Знамени общество слепых" | E9: =[1]Лист1!E27 -> 623400 Свердловская область г. Каменск-Уральский, ул. Парковая, 17, председатель Лагунова Тамара Тихоновна, эл. адрес:sheshina.el@yandex.ru | F9: =[1]Лист1!F27 -> 1026600004870 | G9: =[1]Лист1!G27 -> 6659016317 | H9: =[1]Лист1!$I$27 -> Защита прав и интересов инвалидов по зрению, участие в определении реализации государственной политики в отношении инвалидов, содействие в реализации государственных полномочий в медицинской, профессиональной, социальной реабилитвации и интеграции, приобщение к труду, образованию, культуре и спорту, улучшение их материально-бытовых условий | I9: субсидия на частичное возмещение расходов за 4 квартал 2024 года | J9: 6,53 руб. | K9: 1 квартал 2025 года | L9: Предоставлена субсидия из местного бюджета на возмещение финансовых затрат, связанных с осуществлением уставной деятельности социально ориентированной организации | M9: =$M$6 -> не имеется
B18: 45782 | C18: Распоряжение Администрации городского округа от 05.05.2025 № 80-р | I18: субсидия на частичное возмещение расходов за 1 квартал 2025 года | J18: 4,84 руб. | K18: 2 квартал 2025 года | L18: =$L$9 -> Предоставлена субсидия из местного бюджета на возмещение финансовых затрат, связанных с осуществлением уставной деятельности социально ориентированной организации | M18: =$M$9 -> не имеется
B19: 45870 | C19: Распоряжение Администрации городского округа от 01.08.2025 № 133-р | I19: субсидия на частичное возмещение расходов за 2 квартал 2025 года | J19: 6,76 руб. | K19: 3 квартал 2025 года | L19: =$L$18 -> Предоставлена субсидия из местного бюджета на возмещение финансовых затрат, связанных с осуществлением уставной деятельности социально ориентированной организации | M19: =$M$18 -> не имеется
B20: 45971 | C20: Распоряжение Администрации городского округа от 10.11.2025 № 191-р | I20: субсидия на частичное возмещение расходов за 3 квартал 2025 года | J20: 5,28 руб. | K20: 4 квартал 2025 года | L20: =$L$18 -> Предоставлена субсидия из местного бюджета на возмещение финансовых затрат, связанных с осуществлением уставной деятельности социально ориентированной организации | M20: =$M$19 -> не имеется
A21: 3 | B21: 44397 | C21: Договор № 9 от 20.07.2021 | D21: =[1]Лист1!D32 -> Некоммерческое партнерство "Дзюдо" | E21: =[1]Лист1!E32 -> 623400 Свердловская область г.Каменск-Уральский, ул.Белинского,1а, руководитель Тылис Сергей Петрович, эл. адрес:tylis-kerama@bk.ru | F21: =[1]Лист1!F32 -> 1086600001070 | G21: =[1]Лист1!G32 -> 6612025820 | H21: =[1]Лист1!$I$32 -> Содействие развития массовых и индивидуальных форм физкультурно-оздоровительной и спортивной работы с детьми дошкольного и школьного возраста и других возрастов населения, профилактика заболеваний, укрепление здоровья, поддержание высокой работоспособности человека, воспитание патриотизма граждан, подготовке их к защите Родины, внедрение физической культуры и спорта в режим учебы, труда и отдыха граждан и пропаганда физической культуры и спорта по каналам теле- и радиовещания. | I21: =[1]Лист1!J32 -> безвозмездное пользование муниципальным имуществом | J21: =[1]Лист1!K32 -> безвозмездное пользование муниципальным имуществом: нежилым помещением общей площадью 236,8 кв.м. | K21: 20.07.2021 -19.07.2026 | L21: =$L$6 -> Предоставлен объект муниципальной собственности в безвозмездное пользование некоммерческой организации в целях использования по целевому назначению | M21: =[1]Лист1!M32 -> не имеется
A25: 4 | B25: 44805 | C25: Договор № 12 от 01.09.2022
A26: 4 | D26: =[1]Лист1!D39 -> Негосударственное образовательное учреждение дополнительного профессионального образования Каменск-Уральская спортивно-техническая школа "Румб" Регионального отделения Общероссийскойобщественно-государственной организации "ДОСААФ" СО | E26: 623400 Свердловская область, г. Каменск-Уральский ул. Рябова, 7 , Григорьева Надежда Юрьевна, и.о. начальника | F26: =[1]Лист1!F39 -> 1026600932710 | G26: =[1]Лист1!G39 -> 6612004122 | H26: =[1]Лист1!$I$39 -> Предоставление услуг дополнительного профессионального образования, проведение занятий по спортивно-техническим видам спорта, патриотическое воспитание, подготовка к службе в армии | I26: =[1]Лист1!J39 -> безвозмездное пользование муниципальным имуществом | J26: безвозмездное пользование муниципальным имуществом: нежилым помещением площадью 979,3 кв.м., земельным участком площадью 7894 кв.м. | K26: 01.09.2022-31.08.2027 | L26: =$L$21 -> Предоставлен объект муниципальной собственности в безвозмездное пользование некоммерческой организации в целях использования по целевому назначению | M26: =[1]Лист1!M39 -> не имеется
B27: =#REF! -> #REF! | C27: =#REF! -> #REF!
A28: 5 | B28: 45082 | C28: Договор № 6 от 05.06.2023 | D28: =[1]Лист1!D40 -> Некоммерческая организация "Благотворительный фонд "Город милосердия" | E28: =[2]Лист1!$E$41 -> 623400 Свердловская область г. Каменск-Уральский, ул. Ленина, 115 Президент Дегтянников Игорь Германович | F28: =[1]Лист1!F40 -> 1056600673843 | G28: =[1]Лист1!G40 -> 6612017851 | H28: =[1]Лист1!$I$40 -> Благотворительная деятельность; оказание материальной и иной помощи всем категориям социально незащищенных лиц, независимо от их национальности, гражданства, вероисповедания; содействие деятельности в области профилактики и охраны здоровья граждан, пропаганды здорового образа жизни, улучшения морально-психологического здоровья граждан; организация необходимой медицинской и психологической помощи лицам, страдающим наркотической, алкогольной и токсической зависимостью, содействие их трудоустройству; оказание юридической помощи лицам, страдающим наркоманией, токсикоманией и алкоголизмом и членам их семей; сотрудничество с организациями всех форм собственности, гражданами и молодежными объединениями, участвующими в реализации программ Фонда; организация профилактической работы с детьми, подростками, молодежью и родителями; Организация просветительской и научно-методической работы; социальная реабилитация лиц, отбывших наказание в местах лишения свободы; забота о детях-инвалидах: помощь в реабилитации, обучении, трудоустройстве, участие в их социальной жизни; забота о детях, оставшихся без попечения родителей; создание приютов и ночлежек для бездомных и лиц, нуждающихся в помощи; оказание помощи пенсионерам лекарственными средствами и продуктами питания; оказание материальной помощи несовершеннолетним, беженцам, бездомным и другим нуждающимся; обеспечение трудовыми местами беженцев, вынужденных переселенцев и иных категорий социально незащищенных трудоспособных лиц; осуществление торгово-посреднических и иных коммерческих операций для использования полученных доходов в благотворительных целях, оговоренных в Уставе; создание хозяйственных обществ, а также участие в них; издательская деятельность; организация культурных, спортивных, развлекательных и иных массовых мероприятий | I28: =[1]Лист1!J40 -> безвозмездное пользование муниципальным имуществом | J28: =[1]Лист1!K40 -> безвозмездное пользование муниципальным имуществом: нежилым помещением общей площадью 250,1 кв.м. | K28: 08.09.2021-07.09.2026 | L28: =$L$21 -> Предоставлен объект муниципальной собственности в безвозмездное пользование некоммерческой организации в целях использования по целевому назначению | M28: =[1]Лист1!M40 -> не имеется
B29: 45057 | C29: Договор № 14 от 05.06.2024 | I29: =$I$28 -> безвозмездное пользование муниципальным имуществом | J29: безвозмездное пользование муниципальным имуществом: нежилым помещением общей площадью 283 кв.м. | K29: 05.06.2024-04.06.2027 | L29: =$L$21 -> Предоставлен объект муниципальной собственности в безвозмездное пользование некоммерческой организации в целях использования по целевому назначению | M29: =$M$28 -> не имеется
B30: 45764 | C30: =$C$44 -> Распоряжение Администрации городского округа от 17.04.2025 № 68-р | I30: =$I$44 -> субсидия на организацию и проведение социально значимого проекта | J30: 50,00 руб. | K30: 2 квартал 2025 года | L30: Реализация социально значимого проекта «Дедов достойные сыны», посвященного 80-й годовщине Победы в Великой Отечественной войне» | M30: =$M$29 -> не имеется
B31: 45782 | C31: =$C$18 -> Распоряжение Администрации городского округа от 05.05.2025 № 80-р | I31: =$I$18 -> субсидия на частичное возмещение расходов за 1 квартал 2025 года | J31: 20,00 руб. | K31: 2 квартал 2025 года | L31: =$L$9 -> Предоставлена субсидия из местного бюджета на возмещение финансовых затрат, связанных с осуществлением уставной деятельности социально ориентированной организации | M31: =$M$29 -> не имеется
B32: 45870 | C32: =$C$19 -> Распоряжение Администрации городского округа от 01.08.2025 № 133-р | I32: субсидия на частичное возмещение расходов за 2 квартал 2025 года | J32: 20,00 руб. | K32: 3 квартал 2025 года | L32: =$L$31 -> Предоставлена субсидия из местного бюджета на возмещение финансовых затрат, связанных с осуществлением уставной деятельности социально ориентированной организации | M32: =$M$31 -> не имеется
B33: 45971 | C33: =$C$20 -> Распоряжение Администрации городского округа от 10.11.2025 № 191-р | I33: =$I$20 -> субсидия на частичное возмещение расходов за 3 квартал 2025 года | J33: 15,18 руб. | K33: 4 квартал 2025 года | L33: =$L$32 -> Предоставлена субсидия из местного бюджета на возмещение финансовых затрат, связанных с осуществлением уставной деятельности социально ориентированной организации | M33: =$M$32 -> не имеется
A34: 6 | B34: =[2]Лист1!B52 -> 44651 | C34: =[2]Лист1!C52 -> Договор № 4 от 31.03.2022 | D34: =[1]Лист1!D45 -> Религиозная организация "Каменская Епархия Русской Православной Церкви (Московский Патриархат)" | E34: =[1]Лист1!E45 -> 623418 г. Каменск-Уральский, ул. Кирова,18 | F34: =[1]Лист1!F45 -> 1116699000021 | G34: =[1]Лист1!G45 -> 6612037110 | H34: =[1]Лист1!$I$45 -> религиозная деятельность | I34: =[3]Лист1!I44 -> безвозмездное пользование муниципальным имуществом | J34: безвозмездное пользование муниципальным имуществом: нежилым помещением общей площадью 166,6 кв.м. | K34: 31.03.2022-30.03.2027 | L34: =$L$21 -> Предоставлен объект муниципальной собственности в безвозмездное пользование некоммерческой организации в целях использования по целевому назначению | M34: =[3]Лист1!M44 -> не имеется
B35: =[2]Лист1!B53 -> 45063 | C35: =[2]Лист1!C53 -> Договор № 5 от 17.05.2023 | I35: =[1]Лист1!J47 -> безвозмездное пользование муниципальным имуществом | J35: безвозмездное ползование муниципальным имуществом, нежилым помещением общей площадью 188,5 кв.м. | K35: 17.05.2023-16.05.2028 | L35: =$L$21 -> Предоставлен объект муниципальной собственности в безвозмездное пользование некоммерческой организации в целях использования по целевому назначению | M35: =[1]Лист1!M47 -> не имеется
A36: 7 | D36: =[1]Лист1!D51 -> Каменск-Уральское отделение Межрегиональной общественной организации "Союз десантников" | E36: 623401 Свердловская область г. Каменск-Уральский Проспект Победы 38-82 председатель Давыдов Владимир Николаевич | F36: =[1]Лист1!F51 -> 1126600005256 | G36: =[1]Лист1!G51 -> 6612998731 | H36: =[1]Лист1!$I$51 -> патриотическое воспитание и содействие в подготовке граждан РФ к военной службе; социальная поддержка и защита членой организации. | I36: безвозмездное пользование муниципальным имуществом | J36: безвозмездное пользование муниципальным имуществом: нежилым помещением площадью 63 кв.м. | K36: 28.02.2020-27.02.2025 | L36: =#REF! -> #REF! | M36: не имеется
B41: 45041 | C41: Распоряжение Администрации городского округа от № 74-р
B42: 45716 | C42: Договор № 1 от 28.02.2025 | I42: =[2]Лист1!I58 -> безвозмездное пользование муниципальным имуществом | J42: =[2]Лист1!J58 -> безвозмездное пользование муниципальным имуществом: нежилым помещением площадью 63 кв.м. | K42: 28.02.2025-27.02.2030 | L42: =[2]Лист1!L58 -> Предоставлен объект муниципальной собственности в безвозмездное пользование некоммерческой организации в целях использования по целевому назначению | M42: =[2]Лист1!M58 -> не имеется
B43: 45702 | C43: Распоряжение Администрации городского округа от 26.02.2025 № 37-р | I43: =$I$9 -> субсидия на частичное возмещение расходов за 4 квартал 2024 года | J43: 20,00 руб. | K43: 1 квартал 2025 года | L43: =$L$9 -> Предоставлена субсидия из местного бюджета на возмещение финансовых затрат, связанных с осуществлением уставной деятельности социально ориентированной организации | M43: =$M$42 -> не имеется
B44: 45764 | C44: =$C$69 -> Распоряжение Администрации городского округа от 17.04.2025 № 68-р | I44: =$I$69 -> субсидия на организацию и проведение социально значимого проекта | J44: 49,99 руб. | K44: 2 квартал 2025 года | L44: Реализация социально значимого проекта «Сыны Отчизны» | M44: =$M$43 -> не имеется
B45: 45782 | C45: =$C$31 -> Распоряжение Администрации городского округа от 05.05.2025 № 80-р | I45: =$I$31 -> субсидия на частичное возмещение расходов за 1 квартал 2025 года | J45: 20,00 руб. | K45: =K31 -> 2 квартал 2025 года | L45: =L31 -> Предоставлена субсидия из местного бюджета на возмещение финансовых затрат, связанных с осуществлением уставной деятельности социально ориентированной организации | M45: =M31 -> не имеется
B46: 45870 | C46: =$C$32 -> Распоряжение Администрации городского округа от 01.08.2025 № 133-р | I46: субсидия на частичное возмещение расходов за 2 квартал 2025 года | J46: 20,00 руб. | K46: 3 квартал 2025 года | L46: =$L$45 -> Предоставлена субсидия из местного бюджета на возмещение финансовых затрат, связанных с осуществлением уставной деятельности социально ориентированной организации | M46: =$M$45 -> не имеется
B47: 45971 | C47: =$C$33 -> Распоряжение Администрации городского округа от 10.11.2025 № 191-р | I47: =$I$33 -> субсидия на частичное возмещение расходов за 3 квартал 2025 года | J47: 17,26 руб. | K47: 4 квартал 2025 года | L47: =$L$46 -> Предоставлена субсидия из местного бюджета на возмещение финансовых затрат, связанных с осуществлением уставной деятельности социально ориентированной организации | M47: =$M$46 -> не имеется
A48: 8 | B48: =[2]Лист1!B69 -> 45063 | C48: =[2]Лист1!C69 -> Договор № 4 от 17.05.2023 | D48: =[1]Лист1!D88 -> Свердловская региональная общественная организация социальной поддержки уязвимых людей «Источник добра» | E48: =[1]Лист1!E88 -> 623414 Свердловская область г. Каменск-Уральский ул. Клубная, 10а, руководитель Бурко Евгений Юрьевич | F48: =[1]Лист1!F88 -> 1126600003122 | G48: =[1]Лист1!G88 -> 6612998717 | H48: =[1]Лист1!$I$88 -> Содействие пожилым и малообеспеченным людям, членам неблагополучных семей, детям-инвалидам, многодетным семьям и людям, оказавшимся в трудной жизненной ситуации, в предупреждении и облегчении их страданий; содействие уязвимым людям в удовлетворении их разносторонних творческих, познавательных, информационных и иных духовных потребностей, в повышении их интеллектуального и культурного уровня и духовного развития личности; содействие уязвимым людям в вопросах защиты жизни, охраны здоровья, улучшения морально-психологического состояния, оптимизация внутреннего потенциала и приобщения к здоровому образу жизни, содействие уязвимым людям в организации досуга и отдыха, в повышении их жизненной активности, в расширении их круга общения и увеличения количества социальных связей; защита прав и законных интересов членов организации. | I48: =$I$36 -> безвозмездное пользование муниципальным имуществом | J48: безвозмездное пользование муниципальным имуществом: нежилым помещением общей площадью 26,4 кв.м. | K48: 17.05.2023-16.05.2028 | L48: =$L$21 -> Предоставлен объект муниципальной собственности в безвозмездное пользование некоммерческой организации в целях использования по целевому назначению | M48: не имеется
I49: =$I$48 -> безвозмездное пользование муниципальным имуществом | J49: безвозмездное пользование мунципальным имуществом: нежилым помещением общей площадью 59,8 кв.м. | K49: 07.11.2020-06.11.2025 | L49: =$L$48 -> Предоставлен объект муниципальной собственности в безвозмездное пользование некоммерческой организации в целях использования по целевому назначению | M49: не имеется
B54: 45057 | C54: =$C$42 -> Договор № 1 от 28.02.2025
B55: 45968 | C55: Договор № 10 от 07.11.2025 | I55: =[2]Лист1!I71 -> безвозмездное пользование муниципальным имуществом | J55: =[2]Лист1!$J$71 -> безвозмездное пользование мунципальным имуществом: нежилым помещением общей площадью 59,8 кв.м. | K55: 07.11.2025-06.11.2030 | L55: =[2]Лист1!L71 -> Предоставлен объект муниципальной собственности в безвозмездное пользование некоммерческой организации в целях использования по целевому назначению | M55: =[2]Лист1!M71 -> не имеется
B56: 45702 | C56: =$C$43 -> Распоряжение Администрации городского округа от 26.02.2025 № 37-р | I56: =$I$9 -> субсидия на частичное возмещение расходов за 4 квартал 2024 года | J56: 20,00 руб. | K56: 1 квартал 2025 года | L56: =$L$59 -> Предоставлена субсидия из местного бюджета на возмещение финансовых затрат, связанных с осуществлением уставной деятельности социально ориентированной организации | M56: =$M$55 -> не имеется
B57: 45764 | C57: =$C$44 -> Распоряжение Администрации городского округа от 17.04.2025 № 68-р | I57: =$I$44 -> субсидия на организацию и проведение социально значимого проекта | J57: 50,00 руб. | K57: 2 квартал 2025 года | L57: Реализация социально значимого проекта «Подари жизнь», посвященного Всемирному дню донора крови» | M57: =$M$56 -> не имеется
B58: 45782 | C58: =$C$45 -> Распоряжение Администрации городского округа от 05.05.2025 № 80-р | I58: =$I$45 -> субсидия на частичное возмещение расходов за 1 квартал 2025 года | J58: =J43 -> 20,00 руб. | K58: 2 квартал 2025 года | L58: =$L$59 -> Предоставлена субсидия из местного бюджета на возмещение финансовых затрат, связанных с осуществлением уставной деятельности социально ориентированной организации | M58: =$M$60 -> не имеется
B59: 45870 | C59: =$C$46 -> Распоряжение Администрации городского округа от 01.08.2025 № 133-р | I59: =$I$46 -> субсидия на частичное возмещение расходов за 2 квартал 2025 года | J59: 10,86 руб. | K59: 3 квартал 2025 года | L59: =$L$9 -> Предоставлена субсидия из местного бюджета на возмещение финансовых затрат, связанных с осуществлением уставной деятельности социально ориентированной организации | M59: =$M$60 -> не имеется
B60: 45971 | C60: =$C$33 -> Распоряжение Администрации городского округа от 10.11.2025 № 191-р | I60: =$I$47 -> субсидия на частичное возмещение расходов за 3 квартал 2025 года | J60: 7,32 руб. | K60: 4 квартал 2025 года | L60: =$L$59 -> Предоставлена субсидия из местного бюджета на возмещение финансовых затрат, связанных с осуществлением уставной деятельности социально ориентированной организации | M60: =$M$55 -> не имеется
A61: 9 | D61: Каменск-Уральская городская просветительская общественная организация «Общество Знание» | E61: 623400, Свердловская область, г. Каменск-Уральский, ул. Ленина, 36. Председатель Общества Бекленищева Анастасия Михайловна, znanie_kamensk@mail.ru | F61: =[1]Лист1!F93 -> 1036605620589 | G61: =[1]Лист1!G93 -> 6612001202 | H61: =[1]Лист1!$I$93 -> Образовательная, просветительская, информационная, разъяснительная и консалтинговая деятельность для удовлетворения разносторонних образовательных, профессиональных, познавательных, культурных и других потребностей населения; содействие всесторонней модернизации экономики, основанной на ценностях и институтах демократии, производящей уникальные знания, вещи и технологии, полезные людям; содействие достижению Российской Федерации высокого уровня в экономической, социальной, научно-технической сферах, в построении гражданского общества через распространение научных знаний и проведение в широких масштабах просветительской и образовательной работы; повышение профессиональных знаний специалистов, совершенствования их деловых качеств, подготовки их к выполнению новых трудовых функций; повышение средствами просветительской работы гуманитарной и духовно-нравственной культуры народов России; благотворительная и социально-значимая деятельность. | I61: =$I$49 -> безвозмездное пользование муниципальным имуществом | J61: безвозмездное пользование муниципальным имуществом: нежилым помещением общей площадью 16,4 кв.м. | K61: 19.07.2023-18.07.2028 | L61: =$L$49 -> Предоставлен объект муниципальной собственности в безвозмездное пользование некоммерческой организации в целях использования по целевому назначению | M61: =$M$49 -> не имеется
B65: 45057 | C65: =$C$54 -> Договор № 1 от 28.02.2025
B66: 45782 | C66: =$C$45 -> Распоряжение Администрации городского округа от 05.05.2025 № 80-р | I66: =$I$45 -> субсидия на частичное возмещение расходов за 1 квартал 2025 года | J66: 8,40 руб. | K66: =K45 -> 2 квартал 2025 года | L66: =L45 -> Предоставлена субсидия из местного бюджета на возмещение финансовых затрат, связанных с осуществлением уставной деятельности социально ориентированной организации | M66: =M45 -> не имеется
I67: =[2]Лист1!I82 -> безвозмездное пользование муниципальным имуществом | J67: =[2]Лист1!J82 -> безвозмездное пользование муниципальным имуществом: нежилым помещением общей площадью 16,4 кв.м. | K67: =[2]Лист1!K82 -> 19.07.2023-18.07.2028 | L67: =[2]Лист1!L82 -> Предоставлен объект муниципальной собственности в безвозмездное пользование некоммерческой организации в целях использования по целевому назначению | M67: =[2]Лист1!M82 -> не имеется
B68: =[2]Лист1!B82 -> 45125 | C68: Договор № 69 от 18.07.2023
B69: 45764 | C69: Распоряжение Администрации городского округа от 17.04.2025 № 68-р | I69: =[2]Лист1!$I$176 -> субсидия на организацию и проведение социально значимого проекта | J69: 49,59 руб. | K69: 2 квартал 2025 года | L69: Реализация социально -значимого проекта "Шахматный турнир «Гамбит по Каменски" | M69: =$M$67 -> не имеется
B70: 45870 | C70: =$C$59 -> Распоряжение Администрации городского округа от 01.08.2025 № 133-р | I70: =$I$59 -> субсидия на частичное возмещение расходов за 2 квартал 2025 года | J70: 7,76 руб. | K70: =$K$59 -> 3 квартал 2025 года | L70: =$L$59 -> Предоставлена субсидия из местного бюджета на возмещение финансовых затрат, связанных с осуществлением уставной деятельности социально ориентированной организации | M70: =$M$60 -> не имеется
B71: 45702 | C71: =$C$9 -> Распоряжение Администрации городского округа от 14.02.2025 № 30-р | I71: субсидия на частичное возмещение расходов за 4 квартал 2024 года | J71: 11,99 руб. | K71: 1 квартал 2025 года | L71: =$L$72 -> Предоставлена субсидия из местного бюджета на возмещение финансовых затрат, связанных с осуществлением уставной деятельности социально ориентированной организации | M71: =$M$72 -> не имеется
B72: 45971 | C72: =$C$60 -> Распоряжение Администрации городского округа от 10.11.2025 № 191-р | I72: =$I$60 -> субсидия на частичное возмещение расходов за 3 квартал 2025 года | J72: 7,22 руб. | K72: 4 квартал 2025 года | L72: =L59 -> Предоставлена субсидия из местного бюджета на возмещение финансовых затрат, связанных с осуществлением уставной деятельности социально ориентированной организации | M72: =M60 -> не имеется
A73: 10 | D73: Некоммерческая организация Каменск-Уральское хуторское казачье общество «Казачья застава» | E73: =[1]Лист1!E114 -> 623400, г. Каменск-Уральский, ул.Февральской революции, д.13, атаман Сумин Владимир Геннадьевич, atamansumin@yandex.ru | F73: 1126600000988 | G73: 6612998682 | H73: Возрождение Российского казачества, защита его прав, сохранение традиционных образа жизни, хозяйствования и культуры Российского качества | I73: =$I$67 -> безвозмездное пользование муниципальным имуществом | J73: безвозмездное пользование муниципальным имуществом: нежилым помещением общей площадью 8,5 кв.м. | K73: 11.06.2022-10.06.2027 | L73: =$L$21 -> Предоставлен объект муниципальной собственности в безвозмездное пользование некоммерческой организации в целях использования по целевому назначению | M73: не имеется
B80: =[2]Лист1!B94 -> 44723 | C80: =[2]Лист1!C94 -> Договор № 6 от 11.06.2022
B81: =[4]Лист1!$B$87 -> 44723 | C81: =[4]Лист1!$C$87 -> Договор № 6 от 11.06.2022
B82: =$B$71 -> 45702 | C82: =$C$71 -> Распоряжение Администрации городского округа от 14.02.2025 № 30-р | I82: =$I$71 -> субсидия на частичное возмещение расходов за 4 квартал 2024 года | J82: 10,69 руб. | K82: 1 квартал 2025 года | L82: =$L$86 -> Предоставлена субсидия из местного бюджета на возмещение финансовых затрат, связанных с осуществлением уставной деятельности социально ориентированной организации | M82: =$M$73 -> не имеется
B83: =$B$69 -> 45764 | C83: =$C$69 -> Распоряжение Администрации городского округа от 17.04.2025 № 68-р | I83: =$I$69 -> субсидия на организацию и проведение социально значимого проекта | J83: 34,13 руб. | K83: =$K$69 -> 2 квартал 2025 года | L83: Реализация социально значимого проекта «VII городские казачьи игры «Казачья застава» | M83: =$M$82 -> не имеется
B84: 45782 | C84: =$C$66 -> Распоряжение Администрации городского округа от 05.05.2025 № 80-р | I84: =$I$58 -> субсидия на частичное возмещение расходов за 1 квартал 2025 года | J84: 13,43 руб. | K84: 2 квартал 2025 года | L84: =$L$86 -> Предоставлена субсидия из местного бюджета на возмещение финансовых затрат, связанных с осуществлением уставной деятельности социально ориентированной организации | M84: =$M$86 -> не имеется
B85: 45870 | C85: =$C$70 -> Распоряжение Администрации городского округа от 01.08.2025 № 133-р | I85: =$I$70 -> субсидия на частичное возмещение расходов за 2 квартал 2025 года | J85: 16,39 руб. | K85: 3 квартал 2025 года | L85: =$L$86 -> Предоставлена субсидия из местного бюджета на возмещение финансовых затрат, связанных с осуществлением уставной деятельности социально ориентированной организации | M85: =$M$86 -> не имеется
B86: 45971 | C86: =$C$72 -> Распоряжение Администрации городского округа от 10.11.2025 № 191-р | I86: =$I$72 -> субсидия на частичное возмещение расходов за 3 квартал 2025 года | J86: 14,99 руб. | K86: 4 квартал 2025 года | L86: =L72 -> Предоставлена субсидия из местного бюджета на возмещение финансовых затрат, связанных с осуществлением уставной деятельности социально ориентированной организации | M86: =M72 -> не имеется
A87: 11 | D87: Автономная некоммерческая организация "Городской центр информационных, социальных и правовых услуг "Виртуальный Каменск" | E87: 623428, г. Каменск-Уральский, ул. Кирова 23, кв. 98, Четыркин Тимофей Иванович, эл.адрес: time@k-ur.ru | F87: 1116600005059 | G87: 6612998650 | H87: Оказание гражданам и организациям информационных, социальных и правовых услуг, услуг в сфере содействия развитию современных цифровых информационных технологий | I87: =$I$73 -> безвозмездное пользование муниципальным имуществом | J87: безвозмездное пользование муниципальным имуществом: нежилым помещением общей площадью 77,9 кв.м. | K87: 03.07.2021-02.07.2026 | L87: =#REF! -> #REF! | M87: не имеется
B90: 45057 | C90: =$C$80 -> Договор № 6 от 11.06.2022
B91: =[2]Лист1!B107 -> 44380 | C91: =[2]Лист1!C107 -> Договор № 8 от 03.07.2021
B92: =[4]Лист1!$B$97 -> 44380 | C92: =[4]Лист1!$C$97 -> Договор № 8 от 03.07.2021 | I92: =[2]Лист1!I107 -> безвозмездное пользование муниципальным имуществом | J92: =[2]Лист1!J107 -> безвозмездное пользование муниципальным имуществом: нежилым помещением общей площадью 77,9 кв.м. | K92: =[2]Лист1!K107 -> 03.07.2021-02.07.2026 | L92: =[2]Лист1!L107 -> Предоставлен объект муниципальной собственности в безвозмездное пользование некоммерческой организации в целях использования по целевому назначению | M92: =[2]Лист1!M107 -> не имеется
B93: 45702 | C93: =$C$82 -> Распоряжение Администрации городского округа от 14.02.2025 № 30-р | I93: субсидия на частичное возмещение расходов за 4 квартал 2024 года | J93: 20,00 руб. | K93: 1 квартал 2025 года | L93: =L86 -> Предоставлена субсидия из местного бюджета на возмещение финансовых затрат, связанных с осуществлением уставной деятельности социально ориентированной организации | M93: =M86 -> не имеется
B94: 45782 | C94: =$C$84 -> Распоряжение Администрации городского округа от 05.05.2025 № 80-р | I94: =$I$66 -> субсидия на частичное возмещение расходов за 1 квартал 2025 года | J94: 20,00 руб. | K94: 2 квартал 2025 года | L94: =$L$93 -> Предоставлена субсидия из местного бюджета на возмещение финансовых затрат, связанных с осуществлением уставной деятельности социально ориентированной организации | M94: =$M$93 -> не имеется
B95: 45870 | C95: =$C$85 -> Распоряжение Администрации городского округа от 01.08.2025 № 133-р | I95: =$I$85 -> субсидия на частичное возмещение расходов за 2 квартал 2025 года | J95: 20,00 руб. | K95: 3 квартал 2025 года | L95: =$L$94 -> Предоставлена субсидия из местного бюджета на возмещение финансовых затрат, связанных с осуществлением уставной деятельности социально ориентированной организации | M95: =$M$94 -> не имеется
B96: 45971 | C96: =$C$86 -> Распоряжение Администрации городского округа от 10.11.2025 № 191-р | I96: =$I$86 -> субсидия на частичное возмещение расходов за 3 квартал 2025 года | J96: 20,00 руб. | K96: 4 квартал 2025 года | L96: =$L$95 -> Предоставлена субсидия из местного бюджета на возмещение финансовых затрат, связанных с осуществлением уставной деятельности социально ориентированной организации | M96: =$M$95 -> не имеется
A97: 12 | B97: 45484 | C97: Договор № 16 от 11.07.2024 | D97: Автономная некоммерческая организация "Центр культуры, спорта и развития территории города Каменска-Уральского "Синара" | E97: 623418, Свердловская область, г. Каменск-Уральский, ул. Карла Маркса, д. 40А, директор Вешкурцев Александр Николаевич | F97: 1136600003143 | G97: 6612998820 | H97: Организация и проведение спортивных, культурно-массовых мероприятий, организация работы кружков, секций для разных возрастных категорий, учебно-образовательных процессов | I97: =[2]Лист1!I116 -> безвозмездное пользование муниципальным имуществом | J97: =[2]Лист1!J116 -> безвозмездное пользование муниципальным имуществом: нежилым помещением общей площадью 198,7 кв.м. | K97: =[2]Лист1!K116 -> 03.10.2023-02.10.2028 | L97: =[2]Лист1!L116 -> Предоставлен объект муниципальной собственности в безвозмездное пользование некоммерческой организации в целях использования по целевому назначению | M97: =[2]Лист1!M116 -> не имеется
I98: =$I$97 -> безвозмездное пользование муниципальным имуществом | J98: безвозмездное пользование муниципальным имуществом: нежилым помещением общей площадью 540,3 кв.м. | K98: 11.07.2024-10.07.2029 | L98: =$L$97 -> Предоставлен объект муниципальной собственности в безвозмездное пользование некоммерческой организации в целях использования по целевому назначению | M98: =$M$97 -> не имеется
B99: 45505 | C99: Договор № 19 от 01.08.2024
A100: 13 | B100: =[4]Лист1!$B$104 -> 45505 | C100: =[4]Лист1!$C$104 -> Договор № 19 от 01.08.2024 | D100: Автономная некоммерческая организация поддержки семей с детьми, страдающими детским церебральным параличом и заболеваниями опорно-двигательного аппарата "Седьмой лепесток" | E100: 623400, г. Каменск-Уральский, ул. Карла Маркса, д.26, кв. 47 директор Вощикова Анна Петровна | F100: 1176600001456 | G100: 6612051806 | H100: Оказание детям, страдающим детским церебральным параличом и заболеваниями опорно-двигательного аппарата услуг, направленных на их абилитацию и реабилитацию, улучшение качества их жизни | I100: =$I$97 -> безвозмездное пользование муниципальным имуществом | J100: безвозмездное пользование муниципальным имуществом: нежилым помещением общей площадью 48,5 кв.м. | K100: 01.08.2024-31.07.2027 | L100: =$L$97 -> Предоставлен объект муниципальной собственности в безвозмездное пользование некоммерческой организации в целях использования по целевому назначению | M100: не имеется
B103: 45057 | C103: =$C$90 -> Договор № 6 от 11.06.2022
B104: 45509 | C104: =#REF! -> #REF!
B105: 45702 | C105: =$C$93 -> Распоряжение Администрации городского округа от 14.02.2025 № 30-р | I105: =$I$93 -> субсидия на частичное возмещение расходов за 4 квартал 2024 года | J105: 13,53 руб. | K105: 1 квартал 2025 года | L105: =$L$108 -> Предоставлена субсидия из местного бюджета на возмещение финансовых затрат, связанных с осуществлением уставной деятельности социально ориентированной организации | M105: =$M$100 -> не имеется
B106: 45782 | C106: =$C$94 -> Распоряжение Администрации городского округа от 05.05.2025 № 80-р | I106: =$I$94 -> субсидия на частичное возмещение расходов за 1 квартал 2025 года | J106: 14,06 руб. | K106: 2 квартал 2025 года | L106: =$L$108 -> Предоставлена субсидия из местного бюджета на возмещение финансовых затрат, связанных с осуществлением уставной деятельности социально ориентированной организации | M106: =$M$108 -> не имеется
B107: 45870 | C107: =$C$95 -> Распоряжение Администрации городского округа от 01.08.2025 № 133-р | I107: =$I$95 -> субсидия на частичное возмещение расходов за 2 квартал 2025 года | J107: 6,99 руб. | K107: 3 квартал 2025 года | L107: =$L$108 -> Предоставлена субсидия из местного бюджета на возмещение финансовых затрат, связанных с осуществлением уставной деятельности социально ориентированной организации | M107: =$M$108 -> не имеется
B108: 45971 | C108: =$C$96 -> Распоряжение Администрации городского округа от 10.11.2025 № 191-р | I108: =$I$96 -> субсидия на частичное возмещение расходов за 3 квартал 2025 года | J108: 3,31 руб. | K108: 4 квартал 2025 года | L108: =$L$9 -> Предоставлена субсидия из местного бюджета на возмещение финансовых затрат, связанных с осуществлением уставной деятельности социально ориентированной организации | M108: =$M$126 -> не имеется
A112: 14 | D112: Каменск-Уральская местная общественная организация ветеранов войны, труда, боевых действий, государственной службы, пенсионеров | E112: 623400, г. Каменск-Уральский, ул. Ленина, 32, председатель Никифоров Яков Кузьмич | F112: 1036605620347 | G112: 6612005101 | H112: Защита общих интересов и законных прав ветеранов войны, труда, боевых действий, государственной и муниципальной службы, пенсионеров, обеспечение достойного положения старшего поколения в обществе | I112: =$I$100 -> безвозмездное пользование муниципальным имуществом | J112: безвозмездное пользование муниципальным имуществом: нежилым помещением общей площадью 49 кв.м. | K112: 16.09.2020-15.09.2025 | L112: =$L$100 -> Предоставлен объект муниципальной собственности в безвозмездное пользование некоммерческой организации в целях использования по целевому назначению | M112: не имеется
B113: =[2]Лист1!B128 -> 44090 | C113: =[2]Лист1!C128 -> Договор № 3 от 16.09.2020 | G113: =[2]Лист1!$G$128 -> 6612005101
B114: 45926 | C114: Договор № 1 от 26.09.2025 | I114: =$I$118 -> безвозмездное пользование муниципальным имуществом | J114: безвозмездное пользование муниципаотным имуществом: нежилым помещением общей площадью 49 кв.м. | K114: 26.09.2025 - 25.09.2030 | L114: =#REF! -> #REF! | M114: =$M$108 -> не имеется
B115: 45782 | C115: =$C$106 -> Распоряжение Администрации городского округа от 05.05.2025 № 80-р | I115: =$I$106 -> субсидия на частичное возмещение расходов за 1 квартал 2025 года | J115: 13,62 руб. | K115: 2 квартал 2025 года | L115: =$L$117 -> Предоставлена субсидия из местного бюджета на возмещение финансовых затрат, связанных с осуществлением уставной деятельности социально ориентированной организации | M115: =$M$117 -> не имеется
B116: 45870 | C116: =$C$95 -> Распоряжение Администрации городского округа от 01.08.2025 № 133-р | I116: =$I$95 -> субсидия на частичное возмещение расходов за 2 квартал 2025 года | J116: 8,94 руб. | K116: 3 квартал 2025 года | L116: =$L$117 -> Предоставлена субсидия из местного бюджета на возмещение финансовых затрат, связанных с осуществлением уставной деятельности социально ориентированной организации | M116: =$M$117 -> не имеется
B117: 45971 | C117: =$C$108 -> Распоряжение Администрации городского округа от 10.11.2025 № 191-р | I117: =$I$108 -> субсидия на частичное возмещение расходов за 3 квартал 2025 года | J117: 4,28 руб. | K117: 4 квартал 2025 года | L117: =$L$105 -> Предоставлена субсидия из местного бюджета на возмещение финансовых затрат, связанных с осуществлением уставной деятельности социально ориентированной организации | M117: =$M$114 -> не имеется
A118: 15 | D118: Каменск-Уральская городская общественная организация «Школа бокса «Гонг Победы» имени А.Ф. Николаева | E118: 623414, г. Каменск-Уральский, ул. Лермонтова, д.64, кв. 26, Председатель - Суворов Александр Васильевич | F118: 1176658118053 | G118: 6612052655 | H118: Попяляризация и развитие детского спорта для повышения интересов детей к занятию физической культурой и спортом в области спортивно-оздоровительной и досуговой деятельности | I118: безвозмездное пользование муниципальным имуществом | J118: безвозмездное пользование муниципальным имуществом: нежилым помещением общей площадью 454,9 кв.м. | K118: 27.05.2025 -26.05.2030 | L118: =$L$100 -> Предоставлен объект муниципальной собственности в безвозмездное пользование некоммерческой организации в целях использования по целевому назначению | M118: не имеется
B124: 45804 | C124: Договор № 5 от 27.05.2025 | F124: =[4]Лист1!$F$125 -> 1176658118053
A126: 16 | D126: Местная общественная организация "Федерация хоккея г. Каменск-Уральский 40+" | E126: 623418, г. Каменск-Уральский, ул. Головина, д.25, офис 3, президент Красноселов Александр Анатольевич | F126: 1206600021506 | G126: 6612055254 | H126: Развитие, пропаганда и популяризация хоккея как вида спорта, повышение роли физической культуры и спорта во всестороннем и гармоничном развитии личности, повышение престижа и представления интересов хоккея в г. Каменске-Уральском | I126: =$I$118 -> безвозмездное пользование муниципальным имуществом | J126: безвозмездное пользование муниципальным имуществом: нежилым помещением площадью 291, 4 кв.м, земельным участком площадью 3017 кв.м. | K126: 25.02.2022-24.02.2027 | L126: =$L$118 -> Предоставлен объект муниципальной собственности в безвозмездное пользование некоммерческой организации в целях использования по целевому назначению | M126: =$M$118 -> не имеется
B130: =[2]Лист1!B159 -> 44617 | C130: =[2]Лист1!C159 -> Договор № 1 от 25.02.2022
I131: =#REF! -> #REF! | J131: 15,00 руб. | K131: =#REF! -> #REF! | L131: =#REF! -> #REF! | M131: =#REF! -> #REF!
B133: =#REF! -> #REF! | C133: =#REF! -> #REF!
B134: 45702 | C134: =$C$105 -> Распоряжение Администрации городского округа от 14.02.2025 № 30-р | I134: =$I$138 -> субсидия на частичное возмещение расходов за 4 квартал 2024 года | J134: 20,00 руб. | K134: =$K$138 -> 1 квартал 2025 года | L134: =$L$138 -> Предоставлена субсидия из местного бюджета на возмещение финансовых затрат, связанных с осуществлением уставной деятельности социально ориентированной организации | M134: =$M$138 -> не имеется
B135: 45782 | C135: =$C$115 -> Распоряжение Администрации городского округа от 05.05.2025 № 80-р | I135: =$I$115 -> субсидия на частичное возмещение расходов за 1 квартал 2025 года | J135: 20,00 руб. | K135: 2 квартал 2025 года | L135: =$L$134 -> Предоставлена субсидия из местного бюджета на возмещение финансовых затрат, связанных с осуществлением уставной деятельности социально ориентированной организации | M135: =$M$134 -> не имеется
B136: 45870 | C136: =$C$116 -> Распоряжение Администрации городского округа от 01.08.2025 № 133-р | I136: =$I$116 -> субсидия на частичное возмещение расходов за 2 квартал 2025 года | J136: 20,00 руб. | K136: 3 квартал 2025 года | L136: =$L$135 -> Предоставлена субсидия из местного бюджета на возмещение финансовых затрат, связанных с осуществлением уставной деятельности социально ориентированной организации | M136: =$M$135 -> не имеется
B137: 45971 | C137: =$C$117 -> Распоряжение Администрации городского округа от 10.11.2025 № 191-р | I137: =$I$117 -> субсидия на частичное возмещение расходов за 3 квартал 2025 года | J137: 20,00 руб. | K137: 4 квартал 2025 года | L137: =$L$136 -> Предоставлена субсидия из местного бюджета на возмещение финансовых затрат, связанных с осуществлением уставной деятельности социально ориентированной организации | M137: =$M$136 -> не имеется
A138: 17 | B138: 45702 | C138: =$C$134 -> Распоряжение Администрации городского округа от 14.02.2025 № 30-р | D138: Свердловская областная общественная организация "Клуб служебного собаководства" | E138: =[5]Лист1!E54 -> 623400 Свердловская область, г.Каменск-Уральский ул.Ленина 11, руководитель Метлева Лариса федоровна, эл. адрес:kukcc@mail.ru | F138: =[5]Лист1!F54 -> 1036605632293 | G138: =[5]Лист1!G54 -> 6612005951 | H138: =[5]Лист1!H54 -> Оказание помощи членам Организации и иным гражданам в приобретении собак, кормов для них, снаряжения, литературы по собаководству, лекарственных средств; организация племенной работы в служебном собаководстве; подготовка и совершенствование общественных кадров (инструкторов по служебному собаководству); обучение членов Организации и иных граждан по соответствующим программам; подготовка и передача собак в установленном порядке гражданам и организациям; пропаганда служебного собаководства; организация подготовки судей зоотехнических и спортивных мероприятий с участием собак | I138: =$I$93 -> субсидия на частичное возмещение расходов за 4 квартал 2024 года | J138: 20,00 руб. | K138: 1 квартал 2025 года | L138: =$L$9 -> Предоставлена субсидия из местного бюджета на возмещение финансовых затрат, связанных с осуществлением уставной деятельности социально ориентированной организации | M138: =$M$126 -> не имеется
B141: 45509 | C141: =$C$134 -> Распоряжение Администрации городского округа от 14.02.2025 № 30-р
B142: 45782 | C142: =$C$135 -> Распоряжение Администрации городского округа от 05.05.2025 № 80-р | I142: =$I$135 -> субсидия на частичное возмещение расходов за 1 квартал 2025 года | J142: 20,00 руб. | K142: 2 квартал 2025 года | L142: =$L$138 -> Предоставлена субсидия из местного бюджета на возмещение финансовых затрат, связанных с осуществлением уставной деятельности социально ориентированной организации | M142: =$M$138 -> не имеется
B143: 45870 | C143: =$C$116 -> Распоряжение Администрации городского округа от 01.08.2025 № 133-р | I143: =$I$136 -> субсидия на частичное возмещение расходов за 2 квартал 2025 года | J143: 20,00 руб. | K143: 3 квартал 2025 года | L143: =$L$142 -> Предоставлена субсидия из местного бюджета на возмещение финансовых затрат, связанных с осуществлением уставной деятельности социально ориентированной организации | M143: =$M$142 -> не имеется
B144: 45971 | C144: =$C$137 -> Распоряжение Администрации городского округа от 10.11.2025 № 191-р | I144: =$I$137 -> субсидия на частичное возмещение расходов за 3 квартал 2025 года | J144: 13,74 руб. | K144: 4 квартал 2025 года | L144: =$L$143 -> Предоставлена субсидия из местного бюджета на возмещение финансовых затрат, связанных с осуществлением уставной деятельности социально ориентированной организации | M144: =$M$143 -> не имеется
A145: 18 | B145: 45968 | C145: Договор № 11 от 07.11.2025 | D145: Автономная некоммерческая организация помощи различным категориям населения и профилактики социально значимых заболеваний "Белый слон" | E145: 623401, Свердловская область, г. Каменск-Уральский, ул.Карла Маркса, д. 75, кв. 5 Директор Коротаев Андрей Константинович | F145: 1236600054096 | G145: 6612058583 | H145: Предоставление услуг, направленных на оказание помощи различным категориям населения и профилактику социально значимых заболеваний | I145: =$I$126 -> безвозмездное пользование муниципальным имуществом | J145: безвозмездное пользование муниципальным имуществом: помещением общей площадью 91,0 кв.м. | K145: 07.11.2025-06.11.2028 | L145: =$L$126 -> Предоставлен объект муниципальной собственности в безвозмездное пользование некоммерческой организации в целях использования по целевому назначению | M145: =$M$126 -> не имеется
B146: 45971 | C146: =$C$144 -> Распоряжение Администрации городского округа от 10.11.2025 № 191-р | I146: =$I$144 -> субсидия на частичное возмещение расходов за 3 квартал 2025 года | J146: 3,56 руб. | K146: =$K$144 -> 4 квартал 2025 года | L146: =$L$144 -> Предоставлена субсидия из местного бюджета на возмещение финансовых затрат, связанных с осуществлением уставной деятельности социально ориентированной организации | M146: =$M$145 -> не имеется
A147: 19 | B147: 45748 | C147: Договор № 12 от 01.04.2024 | D147: Благотворительный фонд "Фонд ветеранов и инвалидов боевых действий и военной травмы" | E147: 623409, Свердловская область, г. Каменск-Уральский, ул. Ленина, д.33. Президент Дябин Владимир Евгеньевич | F147: 1116600002738 | G147: 6612998523 | H147: Поддержка инициатив ветеранов и инвалидов и их семей и семей погибших в боевых действиях, объединений и движений, юридичексих лиц, направленных на решение социальных, благотворительных, культурных, образовательных, патриотических проблем. | I147: =$I$145 -> безвозмездное пользование муниципальным имуществом | J147: безвозмездное пользование мунициапльным имуществом: помещением общей площадью 69,1 кв.м. | K147: 01.04.2025-31.03.2030 | L147: =$L$145 -> Предоставлен объект муниципальной собственности в безвозмездное пользование некоммерческой организации в целях использования по целевому назначению | M147: =$M$145 -> не имеется
B148: 45716 | C148: Договор № 2 от 28.02.2025 | I148: =$I$147 -> безвозмездное пользование муниципальным имуществом | J148: безвозмездное пользование муниципальным имуществом: помещением общей площадью 83,8 кв.м. | K148: 28.02.2025-27.02.2026 | L148: =$L$147 -> Предоставлен объект муниципальной собственности в безвозмездное пользование некоммерческой организации в целях использования по целевому назначению | M148: =$M$147 -> не имеется
A149: 20 | B149: 45764 | C149: =$C$83 -> Распоряжение Администрации городского округа от 17.04.2025 № 68-р | D149: Каменск-Уральской городской культурно-просветительской общественной организации «Книга» | E149: 623400, Свердловская область, г. Каменск-Уральский, ул. Ленина, д. 36, 16, Председатель Правления Обогрелова Серафима Сергеевна | F149: 1026600005893 | G149: 6612006225 | H149: Повышение образовательного и культурного уровня населения, реализация образовательных, информационных, просветительских , научно-исследовательских и иных программ. | I149: =$I$83 -> субсидия на организацию и проведение социально значимого проекта | J149: 50,00 руб. | K149: 2 квартал 2025 года | L149: Реализация социально значимого проекта «Пушкинский день России» | M149: =$M$148 -> не имеется
...

Sheet Лист2

Sheet Лист3
